 Dungeon Crawl Stone Soup version 0.29.0-4-gdea44cf6ec (webtiles) character file.

Game seed: 2648063557747932954

117677 qw the Peltast (level 16, -4/101 HPs)
             Began as a Gargoyle Fighter on Sept 10, 2022.
             Was a High Priest of Okawaru.
             Killed from afar by Nikola (46 damage)
             ... with an arc of chain lightning
             ... on level 2 of the Swamp.
             The game lasted 00:09:47 (21250 turns).

qw the Peltast (Gargoyle Fighter)                  Turns: 21250, Time: 00:09:47

Health: -4/101     AC: 50    Str: 29    XL:     16   Next: 74%
Magic:  17/23      EV: 14    Int: 10    God:    Okawaru [*****.]
Gold:   236        SH: 23    Dex:  9    Spells: 15/15 levels left

rFire   . . .      SeeInvis .   y - +7 broad axe "Paytu" {drain, *Noise Fly rC+ Str+2}
rCold   + + +      Faith    .   o - +2 tower shield {AC+3}
rNeg    + . .      Spirit   .   E - +0 plate armour "Heluxe" {rC- Slay+6 Stlth+}
rPois   inf        Reflect  .   l - +1 helmet
rElec   +          Harm     .   A - +1 cloak
rCorr   .          Rampage  .   a - +4 pair of gloves "Astoc" {*Corrode rC+++ Regen+ Stlth-}
Will    +....                   x - +1 pair of boots
Stlth   ..........              (no amulet)
HPRegen 1.06/turn               z - +4 ring of evasion
MPRegen 0.18/turn               F - +4 ring of protection

@: about to teleport, heroic, finesse-ful, flying
A: sickness immunity, AC +12, big wings, negative energy resistance 1,
electricity resistance, torment resistance 1, petrification resistance
a: Renounce Religion, Heroism, Finesse, Duel


You were on level 2 of the Swamp.
You worshipped Okawaru.
Okawaru was extremely pleased with you.
You visited 5 branches of the dungeon, and saw 25 of its levels.

You collected 2915 gold pieces.
You spent 2679 gold pieces at shops.


Innate Abilities, Weirdness & Mutations

You are immune to sickness and miasma.
Your stone body is resilient. (AC +12)
You are immune to poison.
Your large and strong wings let you fly.
You resist negative energy. (rN+)
You are resistant to electric shocks. (rElec)
You are resistant to unholy torment.
You are immune to petrification.


   Skills:
 - Level 12.0(17.0) Fighting
 + Level 16.4(21.4) Axes
 - Level 5.0(10.0) Throwing
 - Level 12.0(17.0) Armour
 - Level 3.0(8.0) Dodging
 - Level 17.0(22.0) Shields
 - Level 10.0 Invocations


You had 15 spell levels left.
You didn't know any spells.
Your spell library was empty.

Inventory:

Hand Weapons
 t - the +8 morningstar "Fauz" {vorpal, rN+ Str+3 Dex-5}
   (Okawaru gifted it to you on level 1 of the Swamp)

   It inflicts extra damage upon your enemies.
   Str:       It affects your strength (+3).
   Dex:       It affects your dexterity (-5).
   rN:        It protects you from negative energy.
 y - the +7 broad axe "Paytu" (weapon) {drain, *Noise Fly rC+ Str+2}
   (Okawaru gifted it to you on level 2 of the Lair of Beasts)

   A truly terrible weapon, it drains the life of any living foe it strikes.
   Str:       It affects your strength (+2).
   rC:        It protects you from cold.
   Fly:       It grants you flight.
   *Noise:    It may make noises in combat.
Missiles
 c - 11 boomerangs
 D - 4 javelins (quivered)
Armour
 a - the +4 pair of gloves "Astoc" (worn) {*Corrode rC+++ Regen+ Stlth-}
   (You acquired it on level 2 of the Dungeon)

   rC:        It renders you almost immune to cold.
   Regen:     It increases your rate of health regeneration.
   *Corrode:  It may corrode you when you take damage.
   Stlth:     It makes you less stealthy.
 l - a +1 helmet (worn)
 o - a +2 tower shield of protection (worn)
 w - the +7 chain mail "Marus" {rN+}
   (You found it on level 6 of the Dungeon)

   rN:        It protects you from negative energy.
 x - a +1 pair of boots (worn)
 A - a +1 cloak (worn)
 E - the +0 plate armour "Heluxe" (worn) {rC- Slay+6 Stlth+}
   (Okawaru gifted it to you on level 15 of the Dungeon)

   Slay:      It affects your accuracy & damage with ranged weapons and melee
   (+6).
   rC:        It makes you vulnerable to cold.
   Stlth:     It makes you more stealthy.
Jewellery
 p - a ring of fire
 z - a +4 ring of evasion (left hand)
 F - a +4 ring of protection (right hand)
 G - a ring of protection from fire
Wands
 v - a wand of digging (10)
Scrolls
 g - 7 scrolls of teleportation
 k - 8 scrolls of identify
 m - 6 scrolls of blinking
 B - 2 scrolls of enchant weapon
Potions
 b - 2 potions of magic
 d - 6 potions of might
 e - 18 potions of curing
 f - 7 potions of mutation
 h - 6 potions of attraction
 n - 5 potions of lignification
 q - a potion of heal wounds
 r - a potion of cancellation
 s - a potion of resistance
 u - 4 potions of haste

Dungeon Overview and Level Annotations

Branches:
Dungeon (15/15)            Temple (1/1) D:4            Lair (5/5) D:9
  Swamp (2/4) Lair:3        Snake (0/4) Lair:2        Slime (0/5) Lair:4
    Orc (2/2) D:10            Elf (0/3) Orc:2        Vaults (0/5) D:14
 Depths (0/4) D:15

Altars:
Ashenzari
Cheibriados
Dithmenos
Elyvilon
Fedhas
Gozag
Hepliaklqana
Kikubaaqudgha
Makhleb
Nemelex Xobeh
Okawaru
Qazlal
Ru
Sif Muna
Trog
Uskayaw
Vehumet
Wu Jian
Xom
Yredelemnul
Zin
The Shining One
Jiyva

Shops:
D:5 *   D:9 ?   D:11 :=   Orc:2 ([=*

Portals:
Trove: D:12 (give 5 scrolls of fear)

Annotations:
D:12 3 runed translucent doors, Neel Ube's ghost, journeyman FoFi
Swamp:2 Nikola
Orc:1 1 transporter


Message History

The hornet dies!
The spriggan falls from its now dead mount.
You hear a deafening roar!
You hear a shout!
You slash Nikola! You drain Nikola.
Nikola is moderately wounded.
You open Nikola like a pillowcase!!! You drain Nikola!
Nikola is heavily wounded.
Nikola barely misses you.
You slice Nikola!! You drain Nikola.
Nikola is heavily wounded.
You chop Nikola into pieces!!!
Nikola is severely wounded.
An eleionoma comes into view.
You slash the spriggan!
You kill the spriggan!
Okawaru accepts your kill.
You hear a splash. x2
You hit Nikola.
Nikola mumbles some strange words.
Lightning arcs from Nikola's hands!
The bolt of lightning hits you!! You resist.
A bolt of lightning appears from out of thin air!
The bolt of lightning hits Nikola.
A thorn hunter comes into view.
21248 ||| READING 8 scrolls of teleportation.
As you read the scroll of teleportation, it crumbles to dust.
You feel strangely unstable.
You feel like a meek peon again. You block Nikola's attack.
21249 ||| DRINKING 2 potions of heal wounds.
You feel much better.
Nikola drinks a potion.
Nikola is healed!
21250 ||| INVOKING Heroism.
You gain the combat prowess of a mighty hero.
A goliath frog comes into view.
The thorn hunter gestures.
Thorny briars emerge from the ground!
Nikola mumbles some strange words.
Lightning arcs from Nikola's hands!
The bolt of lightning hits you!!! You resist.
You die...

~..~P7 7P¤..7
~.~P~P PP~P.7
..RfP~77¤~~~.7..
...~P....P~....
..............7
..~~.......~~.77
..~.^.@.7..7~P.7
^.....)@..~~.P7
..~~~~7)~~~~~P7
7.F7. 7.~¤~~~P77
. 7 7~..7.~PP7
7..777.PP7


7PP77 7.PP7 7.PP7 77.P77 77.77 7~7.7 .7 7¤>77 7.7 You could see Nikola
(drained), a thorn hunter, an eleionoma and a goliath frog.

Vanquished Creatures
  Gastronok (Orc:1)
  Frances (Swamp:2)
  3 eleionomae (Swamp:2)
  A bunyip (Swamp:1)
  2 dire elephants (Lair:5)
  2 shambling mangroves
  A fire dragon (D:15)
  Josephine (Orc:2)
  Harold (D:9)
  Fannar (Lair:1)
  4 ogre magi (Orc:2)
  2 catoblepae
  7 hydras
  Erolcha (D:12)
  3 boulder beetles
  15 two-headed ogres
  2 dancing weapons (D:14)
  5 centaur warriors
  A death yak (Lair:5)
  A spectral dire elephant (Lair:5)
  A tengu warrior (D:14)
  Sonja (D:11)
  Lodul (D:13)
  3 goliath frogs
  A swamp dragon (Swamp:2)
  A deep troll (Lair:3)
  A spectral anaconda (Lair:5)
  A spriggan druid (Swamp:2)
  4 bog bodies
  An obsidian statue (Lair:5)
  A wizard (D:15)
  4 necromancers
  2 orc knights (Orc:1)
  3 manticores
  An orc sorcerer (Orc:2)
  A deep elf pyromancer (D:14)
  17 ugly things
  A deep elf zephyrmancer (D:15)
  3 cyclopes
  3 will-o-the-wisps
  18 elephants
  A centaur zombie (D:15)
  Maurice (D:9)
  2 black mambas
  A torpor snail (Lair:5)
  A black mamba (shapeshifter) (D:13)
  2 centaur skeletons (D:15)
  A dire elephant skeleton (Lair:5)
  2 naga magi (D:15)
  13 cane toads
  2 gargoyles
  4 yaktaurs (D:15)
  2 unseen horrors
  5 komodo dragons
  A tengu conjurer (D:14)
  2 rime drakes
  A merfolk (D:13)
  3 meliai (D:14)
  9 trolls
  11 hornets
  Grinder (D:3)
  A meliai (shapeshifter) (D:13)
  2 bloated husks (Swamp:1)
  A polar bear (Lair:2)
  10 slime creatures
  A tyrant leech (Swamp:1)
  Prince Ribbit (D:7)
  31 blink frogs
  7 dream sheep (Lair:5)
  A meliai zombie (D:15)
  6 spriggans
  Sigmund (D:3)
  5 wyverns
  2 shadows (D:10)
  2 water elementals (D:15)
  8 wraiths
  61 yaks
  2 death yak simulacra (Lair:5)
  8 basilisks
  A two-headed ogre zombie (D:10)
  3 redbacks (D:12)
  Menkaure (D:4)
  2 steam dragons
  2 wargs (Orc:1)
  4 vampire mosquitoes
  5 swamp worms (Swamp:1)
  20 water moccasins
  Edmund (D:4)
  3 spectral cane toads (Lair:5)
  2 acid dragons
  4 swamp drakes (Swamp:1)
  A sky beast (D:8)
  2 ice beasts
  18 orc warriors
  4 black bears
  34 ogres
  10 wolves
  3 centaurs
  An elephant skeleton (Lair:5)
  A phantom (D:7)
  A kobold brigand (D:9)
  2 necrophages
  7 bullfrogs
  A scorpion (Lair:3)
  5 wights (D:8)
  4 troll zombies (D:10)
  3 killer bees (D:9)
  An elephant simulacrum (Lair:5)
  4 electric eels
  9 orc priests
  2 jellies
  2 hounds (D:6)
  2 iguanas (D:5)
  Natasha (thrice) (D:3)
  21 orc wizards
  3 ogre zombies (D:10)
  A hound skeleton (D:6)
  Robin (D:4)
  5 adders
  7 gnolls
  2 shadow imps
  3 white imps
  An ufetubus (D:4)
  A worm (D:5)
  3 dart slugs
  65 orcs
  5 ball pythons
  10 endoplasms
  3 giant cockroaches
  14 goblins
  15 hobgoblins
  3 jackals (D:3)
  4 quokkas
  6 bats
  3 frilled lizards (D:1)
  A goblin skeleton (D:10)
  2 goblin zombies (D:10)
  2 hobgoblin skeletons (D:10)
  2 hobgoblin zombies (D:10)
  12 kobolds
  3 orc skeletons (D:10)
  15 orc zombies (D:10)
  7 rats
727 creatures vanquished.

Vanquished Creatures (others)
  A wizard (D:14)
  A will-o-the-wisp (Swamp:1)
  A bloated husk (Swamp:2)
  A hornet (Swamp:2)
  A swamp drake (Swamp:1)
  An electric eel (D:15)
  20 foxfires
  18 fungi
  84 plants
  27 withered plants (Lair:5)
155 creatures vanquished.

Grand Total: 882 creatures vanquished

Notes
Turn   | Place    | Note
-------+----------+-------------------------------------------
     0 | D:1      | qw the Gargoyle Fighter began the quest for the Orb.
     0 | D:1      | Reached XP level 1. HP: 14/14 MP: 1/1
     0 | D:1      | Noticed a tengu
     0 | D:1      | 0 ||| qw: Version: 0.1-a-116-g5d60599
     0 | D:1      | 0 ||| qw: Game counter: 7500
     0 | D:1      | 0 ||| qw: Always use a shield: true
     0 | D:1      | 0 ||| qw: God list: Okawaru
     0 | D:1      | 0 ||| qw: Allow faded altars: false
     0 | D:1      | 0 ||| qw: Do Orc after D:15 true
     0 | D:1      | 0 ||| qw: Do second Lair branch before Depths: true
     0 | D:1      | 0 ||| qw: Lair rune preference: random
     0 | D:1      | 0 ||| qw: Plans: Normal, Zot, God:TSO, Crypt, Tomb, Zig,
                  | Orb
     0 | D:1      | 0 ||| PLANNING D:1-11
     1 | D:1      | Noticed a demigod
     3 | D:1      | Noticed an elf
     5 | D:1      | Noticed a formicid
     6 | D:1      | Noticed a merfolk
     7 | D:1      | Noticed a dwarf
     9 | D:1      | Noticed a tengu
    13 | D:1      | Noticed a merfolk
    13 | D:1      | Noticed a vampire
    15 | D:1      | Noticed a demigod
    15 | D:1      | Noticed a formicid
    17 | D:1      | Noticed a tengu
   167 | D:1      | 167 ||| Stepping ~*~*~tactically~*~*~ (hiding).
   177 | D:1      | Reached XP level 2. HP: 15/19 MP: 2/2
   278 | D:1      | 278 ||| Stepping ~*~*~tactically~*~*~ (stealth).
   560 | D:1      | You fall into a shaft and drop 1 floor!
   597 | D:2      | 597 ||| READING scroll labelled OBREUS SACUXKOET.
   598 | D:2      | 598 ||| READING scroll labelled YBLYXU QIOFI.
   599 | D:2      | 599 ||| DRINKING 2 fizzy green potions.
   748 | D:1      | 748 ||| Stepping ~*~*~tactically~*~*~ (stealth).
   750 | D:1      | Reached skill level 3 in Axes
   790 | D:1      | Reached XP level 3. HP: 23/23 MP: 3/3
  1036 | D:1      | 1036 ||| READING scroll labelled SEYLUO QITHRENI.
  1037 | D:1      | 1037 ||| DRINKING 2 sapphire potions.
  1204 | D:2      | 1204 ||| Stepping ~*~*~tactically~*~*~ (stealth).
  1220 | D:2      | 1220 ||| FLEEEEING.
  1221 | D:2      | 1221 ||| FLEEEEING.
  1222 | D:2      | 1222 ||| FLEEEEING.
  1223 | D:2      | 1223 ||| FLEEEEING.
  1224 | D:2      | 1224 ||| FLEEEEING.
  1225 | D:2      | 1225 ||| FLEEEEING.
  1226 | D:2      | 1226 ||| FLEEEEING.
  1227 | D:2      | 1227 ||| FLEEEEING.
  1228 | D:2      | 1228 ||| FLEEEEING.
  1229 | D:2      | 1229 ||| FLEEEEING.
  1230 | D:2      | 1230 ||| FLEEEEING.
  1231 | D:2      | 1231 ||| FLEEEEING.
  1232 | D:2      | 1232 ||| FLEEEEING.
  1233 | D:2      | 1233 ||| FLEEEEING.
  1234 | D:2      | 1234 ||| FLEEEEING.
  1235 | D:2      | 1235 ||| FLEEEEING.
  1236 | D:2      | 1236 ||| FLEEEEING.
  1237 | D:2      | 1237 ||| FLEEEEING.
  1238 | D:2      | 1238 ||| FLEEEEING.
  1316 | D:2      | Noticed a shining eye
  1318 | D:2      | Found a faded altar of an unknown god.
  1320 | D:2      | Noticed a shining eye
  1328 | D:2      | Noticed a golden eye
  1340 | D:2      | Noticed an eye of devastation
  1769 | D:2      | 1769 ||| UPGRADING to +0 helmet.
  1774 | D:2      | 1774 ||| READING scroll labelled CIAHAY HUNTIMI.
  1774 | D:2      | Identified a scroll of acquirement
  1774 | D:2      | 1774 ||| ACQUIRING +4 pair of gloves "Astoc" {*Corrode
                  | rC+++ Regen+ Stlth-}
  1774 | D:2      | Acquired the +4 pair of gloves "Astoc" {*Corrode rC+++
                  | Regen+ Stlth-}
  1776 | D:2      | 1776 ||| UPGRADING to +4 pair of gloves "Astoc" {*Corrode
                  | rC+++ Regen+ Stlth-}.
  1781 | D:2      | 1781 ||| UPGRADING to ring of fire.
  1782 | D:2      | 1782 ||| READING scroll labelled XYFEKH JOEHUAV.
  1826 | D:3      | 1826 ||| STAIRDANCE
  1873 | D:3      | Reached XP level 4. HP: 28/28 MP: 4/4
  1874 | D:3      | 1874 ||| Stepping ~*~*~tactically~*~*~ (stealth).
  1888 | D:3      | 1888 ||| Stepping ~*~*~tactically~*~*~ (stealth).
  1889 | D:3      | 1889 ||| Stepping ~*~*~tactically~*~*~ (stealth).
  1933 | D:3      | Noticed Natasha
  1938 | D:3      | Killed Natasha
  2049 | D:3      | Noticed Natasha
  2058 | D:3      | Killed Natasha
  2059 | D:3      | Reached XP level 5. HP: 32/32 MP: 5/5
  2064 | D:3      | Noticed Grinder
  2082 | D:3      | 2082 ||| Stepping ~*~*~tactically~*~*~ (hiding).
  2091 | D:3      | 2091 ||| Stepping ~*~*~tactically~*~*~ (hiding).
  2094 | D:3      | 2094 ||| Stepping ~*~*~tactically~*~*~ (hiding).
  2100 | D:3      | Paralysed by Grinder for 2 turns
  2105 | D:3      | Killed Grinder
  2106 | D:3      | Reached skill level 6 in Axes
  2106 | D:3      | Reached XP level 6. HP: 32/37 MP: 6/6
  2116 | D:3      | Noticed Natasha
  2117 | D:3      | 2117 ||| Stepping ~*~*~tactically~*~*~ (hiding).
  2124 | D:3      | Killed Natasha
  2229 | D:3      | Noticed Sigmund
  2270 | D:3      | Killed Sigmund
  2271 | D:3      | Reached XP level 7. HP: 36/43 MP: 7/7
  2279 | D:3      | 2279 ||| SWAPPING to +2 vorpal war axe.
  2280 | D:3      | 2280 ||| DROPPING +0 club.
  2281 | D:3      | 2281 ||| DROPPING +0 mace.
  2282 | D:3      | 2282 ||| DROPPING +0 war axe.
  2344 | D:3      | 2344 ||| Stepping ~*~*~tactically~*~*~ (hiding).
  2427 | D:3      | 2427 ||| Stepping ~*~*~tactically~*~*~ (stealth).
  2429 | D:3      | 2429 ||| Stepping ~*~*~tactically~*~*~ (hiding).
  2690 | D:3      | 2690 ||| UPGRADING to +0 pair of boots.
  2695 | D:3      | 2695 ||| UPGRADING to +0 kite shield.
  2705 | D:3      | 2705 ||| DROPPING +0 buckler.
  2706 | D:3      | 2706 ||| READING scroll labelled JAAHAI SOXAGH.
  2807 | D:3      | 2807 ||| READING scroll labelled YXZIHE ICZILIA.
  2810 | D:3      | 2810 ||| READING 3 scrolls of identify.
  2810 | D:3      | 2810 ||| IDENTIFYING glowing amethyst potion
  2811 | D:3      | 2811 ||| READING 2 scrolls of identify.
  2811 | D:3      | 2811 ||| IDENTIFYING dark potion
  2812 | D:3      | 2812 ||| DROPPING potion of magic.
  2818 | D:4      | Found a basalt altar of Yredelemnul.
  3103 | D:4      | Found a sacrificial altar of Ru.
  3166 | D:4      | Found a staircase to the Ecumenical Temple.
  3167 | D:4      | 3167 ||| PLANNING TEMPLE
  3167 | D:4      | 3167 ||| DROPPING +1 pair of gloves.
  3168 | D:4      | 3168 ||| UPGRADING to +0 chain mail.
  3178 | D:4      | 3178 ||| DROPPING +0 scale mail.
  3179 | D:4      | 3179 ||| READING scroll labelled QUBBAH CEJI.
  3187 | Temple   | Entered the Ecumenical Temple
  3188 | Temple   | 3188 ||| PLANNING D:1-11
  3195 | Temple   | Became a worshipper of Warmaster Okawaru
  3304 | D:4      | Noticed Menkaure
  3305 | D:4      | 3305 ||| Stepping ~*~*~tactically~*~*~ (hiding).
  3316 | D:4      | Killed Menkaure
  3317 | D:4      | Reached skill level 4 in Shields
  3459 | D:4      | Noticed Robin
  3460 | D:4      | 3460 ||| Stepping ~*~*~tactically~*~*~ (stealth).
  3512 | D:4      | Noticed Edmund
  3529 | D:4      | Killed Edmund
  3529 | D:4      | Reached * piety under Okawaru
  3530 | D:4      | Reached skill level 5 in Shields
  3567 | D:4      | 3567 ||| INVOKING Heroism.
  3575 | D:4      | Killed Robin
  3576 | D:4      | Reached XP level 8. HP: 48/48 MP: 5/8
  3694 | D:4      | 3694 ||| READING 2 scrolls of identify.
  3694 | D:4      | 3694 ||| IDENTIFYING golden potion
  3743 | D:5      | Entered Level 5 of the Dungeon
  3916 | D:5      | Found Mynelynn's General Store.
  3922 | D:5      | 3922 ||| BUYING scroll of blinking (97 gold).
  3922 | D:5      | Bought a scroll of blinking for 97 gold pieces
  3922 | D:5      | 3922 ||| BUYING scroll of identify (26 gold).
  3922 | D:5      | Bought a scroll of identify for 26 gold pieces
  4051 | D:5      | Reached skill level 1 in Invocations
  4073 | D:5      | Reached skill level 6 in Shields
  4188 | D:5      | 4188 ||| INVOKING Heroism.
  4386 | D:5      | 4386 ||| READING scroll labelled CER GINGAOMP.
  4387 | D:5      | 4387 ||| READING 2 scrolls of identify.
  4387 | D:5      | 4387 ||| IDENTIFYING viscous orange potion
  4388 | D:5      | 4388 ||| DROPPING potion of degeneration.
  4437 | D:6      | 4437 ||| INVOKING Heroism.
  4451 | D:6      | 4451 ||| INVOKING Heroism.
  4503 | D:6      | 4503 ||| INVOKING Heroism.
  4507 | D:6      | Reached skill level 3 in Invocations
  4568 | D:6      | 4568 ||| Stepping ~*~*~tactically~*~*~ (hiding).
  4569 | D:6      | 4569 ||| Stepping ~*~*~tactically~*~*~ (hiding).
  4595 | D:6      | 4595 ||| INVOKING Heroism.
  4625 | D:6      | 4625 ||| Stepping ~*~*~tactically~*~*~ (hiding).
  4626 | D:6      | 4626 ||| Stepping ~*~*~tactically~*~*~ (hiding).
  4859 | D:6      | 4859 ||| INVOKING Heroism.
  4898 | D:6      | 4898 ||| Stepping ~*~*~tactically~*~*~ (hiding).
  4906 | D:6      | 4906 ||| Stepping ~*~*~tactically~*~*~ (stealth).
  4907 | D:6      | 4907 ||| INVOKING Heroism.
  4919 | D:6      | 4919 ||| READING 2 scrolls of teleportation.
  4922 | D:6      | Reached XP level 9. HP: 25/54 MP: 10/12
  5084 | D:6      | Identified the +2 leather armour of the Candlemaker {Regen+
                  | Dex+3}
  5088 | D:6      | 5088 ||| INVOKING Heroism.
  5092 | D:6      | Reached skill level 7 in Shields
  5095 | D:6      | 5095 ||| DRINKING 3 potions of curing.
  5095 | D:6      | 5095 ||| (to cure confusion)
  5120 | D:6      | 5120 ||| INVOKING Heroism.
  5126 | D:6      | Reached skill level 1 in Throwing
  5179 | D:6      | Identified the +7 chain mail "Marus" {rN+}
  5211 | D:6      | Found a burning altar of Makhleb.
  5294 | D:6      | 5294 ||| INVOKING Heroism.
  5441 | D:6      | 5441 ||| Stepping ~*~*~tactically~*~*~ (stealth).
  5571 | D:6      | 5571 ||| UPGRADING to +0 plate armour.
  5581 | D:6      | 5581 ||| DROPPING +0 chain mail.
  5582 | D:6      | 5582 ||| DROPPING +1 pair of gloves.
  5583 | D:6      | 5583 ||| UPGRADING to +7 chain mail "Marus" {rN+}.
  5593 | D:6      | 5593 ||| DROPPING +0 plate armour.
  5594 | D:6      | 5594 ||| DRINKING 2 viscous sapphire potions.
  5595 | D:6      | 5595 ||| READING 2 scrolls of identify.
  5595 | D:6      | 5595 ||| IDENTIFYING ruby potion
  5596 | D:6      | 5596 ||| DROPPING potion of brilliance.
  5609 | D:7      | Noticed a four-headed hydra
  5610 | D:7      | 5610 ||| INVOKING Heroism.
  5613 | D:7      | 5613 ||| SWAPPING to +0 flail.
  5628 | D:7      | 5628 ||| INVOKING Heroism.
  5632 | D:7      | Killed a four-headed hydra
  5632 | D:7      | Reached ** piety under Okawaru
  5633 | D:7      | 5633 ||| SWAPPING to +2 vorpal war axe.
  5712 | D:7      | 5712 ||| INVOKING Heroism.
  5744 | D:7      | 5744 ||| Stepping ~*~*~tactically~*~*~ (hiding).
  6000 | D:7      | 6000 ||| DROPPING +3 whip.
  6003 | D:7      | 6003 ||| INVOKING Heroism.
  6068 | D:7      | Identified the +6 halberd "Gargoyle's Death" {freeze,
                  | Int+6}
  6282 | D:7      | Found a bloodstained altar of Trog.
  6288 | D:7      | 6288 ||| Stepping ~*~*~tactically~*~*~ (stealth).
  6350 | D:7      | 6350 ||| INVOKING Heroism.
  6353 | D:7      | Noticed Prince Ribbit
  6359 | D:7      | Reached skill level 6 in Fighting
  6366 | D:7      | Reached XP level 10. HP: 56/61 MP: 13/13
  6366 | D:7      | Killed Prince Ribbit
  6515 | D:7      | 6515 ||| DROPPING +2 pair of gloves.
  6516 | D:7      | 6516 ||| READING scroll labelled NAPHUE KER KEZ.
  6517 | D:7      | 6517 ||| DRINKING 2 green potions.
  6518 | D:7      | 6518 ||| READING 3 scrolls of identify.
  6518 | D:7      | 6518 ||| IDENTIFYING viscous dark potion
  6519 | D:7      | 6519 ||| READING 2 scrolls of identify.
  6519 | D:7      | 6519 ||| IDENTIFYING orange potion
  6520 | D:7      | 6520 ||| DROPPING potion of ambrosia.
  6550 | D:8      | Reached skill level 8 in Shields
  6591 | D:8      | 6591 ||| INVOKING Heroism.
  6594 | D:8      | Reached skill level 9 in Axes
  6608 | D:8      | Reached *** piety under Okawaru
  6725 | D:8      | 6725 ||| INVOKING Heroism.
  6739 | D:8      | Reached skill level 9 in Shields
  6778 | D:8      | 6778 ||| Stepping ~*~*~tactically~*~*~ (stealth).
  6781 | D:8      | 6781 ||| DROPPING +0 flail.
  6822 | D:8      | Identified the +3 halberd of Mourning {speed, rF+ Dex+3}
  6831 | D:8      | 6831 ||| INVOKING Heroism.
  7065 | D:8      | 7065 ||| Stepping ~*~*~tactically~*~*~ (hiding).
  7069 | D:8      | 7069 ||| INVOKING Heroism.
  7139 | D:8      | 7139 ||| UPGRADING to +6 ring of strength.
  7140 | D:8      | 7140 ||| READING scroll labelled SOUCI AWAROD.
  7141 | D:8      | 7141 ||| READING 2 scrolls of identify.
  7141 | D:8      | 7141 ||| IDENTIFYING glowing cyan potion
  7142 | D:8      | 7142 ||| DROPPING potion of berserk rage.
  7152 | D:9      | 7152 ||| INVOKING Heroism.
  7178 | D:9      | Found Barih's Magic Scroll Shop.
  7186 | D:9      | 7186 ||| BUYING 2 scrolls of blinking (180 gold).
  7186 | D:9      | Bought 2 scrolls of blinking for 180 gold pieces
  7186 | D:9      | 7186 ||| BUYING scroll of blinking (90 gold).
  7186 | D:9      | Bought a scroll of blinking for 90 gold pieces
  7186 | D:9      | 7186 ||| BUYING scroll of enchant armour (90 gold).
  7186 | D:9      | Bought a scroll of enchant armour for 90 gold pieces
  7186 | D:9      | 7186 ||| SHOPLISTING scroll of enchant weapon (90 gold,
                  | have 56).
  7186 | D:9      | 7186 ||| BUYING scroll of identify (24 gold).
  7186 | D:9      | Bought a scroll of identify for 24 gold pieces
  7186 | D:9      | 7186 ||| BUYING scroll of identify (24 gold).
  7186 | D:9      | Bought a scroll of identify for 24 gold pieces
  7186 | D:9      | 7186 ||| SHOPLISTING scroll of teleportation (36 gold, have
                  | 8).
  7186 | D:9      | 7186 ||| READING scroll of enchant armour.
  7186 | D:9      | 7186 ||| ENCHANTING +0 helmet.
  7308 | D:9      | Noticed Harold
  7309 | D:9      | 7309 ||| Stepping ~*~*~tactically~*~*~ (hiding).
  7315 | D:9      | 7315 ||| INVOKING Heroism.
  7332 | D:9      | Killed Harold
  7332 | D:9      | Reached **** piety under Okawaru
  7333 | D:9      | Reached XP level 11. HP: 65/69 MP: 14/14
  7452 | D:9      | Identified the +5 war axe of Embarrassment {freeze, *Noise
                  | rPois rCorr Int+4}
  7454 | D:9      | 7454 ||| SWAPPING to +5 war axe of Embarrassment {freeze,
                  | *Noise rPois rCorr Int+4}.
  7455 | D:9      | 7455 ||| DROPPING +3 vorpal war axe.
  7643 | D:9      | 7643 ||| Stepping ~*~*~tactically~*~*~ (hiding).
  7645 | D:9      | 7645 ||| Stepping ~*~*~tactically~*~*~ (hiding).
  7647 | D:9      | 7647 ||| Stepping ~*~*~tactically~*~*~ (hiding).
  7648 | D:9      | 7648 ||| INVOKING Heroism.
  7700 | D:9      | 7700 ||| Stepping ~*~*~tactically~*~*~ (stealth).
  7731 | D:9      | Reached skill level 6 in Armour
  7749 | D:9      | Found a staircase to the Lair.
  7961 | D:9      | Noticed Maurice
  7990 | D:9      | Killed Maurice
  7993 | D:9      | 7993 ||| PLANNING LAIR
  7993 | D:9      | 7993 ||| UPGRADING to +1 pair of boots.
  8003 | D:9      | 8003 ||| DROPPING +0 pair of boots.
  8004 | D:9      | 8004 ||| UPGRADING to +0 cloak.
  8032 | Lair:1   | Entered Level 1 of the Lair of Beasts
  8033 | Lair:1   | 8033 ||| INVOKING Heroism.
  8039 | Lair:1   | Reached skill level 3 in Throwing
  8041 | Lair:1   | Reached skill level 6 in Invocations
  8045 | Lair:1   | Reached ***** piety under Okawaru
  8106 | Lair:1   | Noticed Fannar
  8107 | Lair:1   | 8107 ||| Stepping ~*~*~tactically~*~*~ (hiding).
  8122 | Lair:1   | 8122 ||| INVOKING Heroism.
  8134 | Lair:1   | Received a gift from Okawaru
  8138 | Lair:1   | Killed Fannar
  8308 | Lair:1   | 8308 ||| INVOKING Heroism.
  8891 | Lair:1   | 8891 ||| UPGRADING to +1 cloak.
  8901 | Lair:1   | 8901 ||| DROPPING +0 cloak.
  8915 | Lair:2   | 8915 ||| INVOKING Heroism.
  8940 | Lair:2   | 8940 ||| Stepping ~*~*~tactically~*~*~ (stealth).
  8948 | Lair:2   | Identified the +7 broad axe "Paytu" {drain, *Noise Fly rC+
                  | Str+2} (Okawaru gifted it to you on level 2 of the Lair of
                  | Beasts)
  8948 | Lair:2   | Received a gift from Okawaru
  8955 | Lair:2   | 8955 ||| INVOKING Heroism.
  8978 | Lair:2   | 8978 ||| SWAPPING to +7 broad axe "Paytu" {drain, *Noise
                  | Fly rC+ Str+2}.
  8979 | Lair:2   | 8979 ||| DROPPING +5 war axe of Embarrassment {freeze,
                  | *Noise rPois rCorr Int+4}.
  9006 | Lair:2   | Reached XP level 12. HP: 75/75 MP: 18/18
  9020 | Lair:2   | 9020 ||| INVOKING Heroism.
  9026 | Lair:2   | Reached skill level 9 in Invocations
  9053 | Lair:2   | 9053 ||| Stepping ~*~*~tactically~*~*~ (stealth).
  9061 | Lair:2   | Found a staircase to the Snake Pit.
  9112 | Lair:2   | 9112 ||| INVOKING Heroism.
  9121 | Lair:2   | Identified the +0 kite shield "Kiopasar" {Will+ Int+4}
                  | (Okawaru gifted it to you on level 2 of the Lair of Beasts)
  9121 | Lair:2   | Received a gift from Okawaru
  9123 | Lair:2   | 9123 ||| Stepping ~*~*~tactically~*~*~ (stealth).
  9181 | Lair:2   | 9181 ||| INVOKING Heroism.
  9191 | Lair:2   | Reached skill level 10 in Shields
  9206 | Lair:2   | 9206 ||| STAIRDANCE
  9212 | Lair:1   | 9212 ||| UPGRADING to +0 kite shield "Kiopasar" {Will+
                  | Int+4}.
  9222 | Lair:1   | 9222 ||| DROPPING +0 kite shield.
  9307 | Lair:2   | 9307 ||| Stepping ~*~*~tactically~*~*~ (stealth).
  9308 | Lair:2   | 9308 ||| Stepping ~*~*~tactically~*~*~ (stealth).
  9310 | Lair:2   | 9310 ||| INVOKING Heroism.
  9311 | Lair:2   | 9311 ||| Stepping ~*~*~tactically~*~*~ (stealth).
  9319 | Lair:2   | Reached skill level 9 in Fighting
  9341 | Lair:2   | 9341 ||| Stepping ~*~*~tactically~*~*~ (stealth).
  9343 | Lair:2   | 9343 ||| Stepping ~*~*~tactically~*~*~ (stealth).
  9345 | Lair:2   | 9345 ||| Stepping ~*~*~tactically~*~*~ (stealth).
  9361 | Lair:2   | Found a shimmering altar of Xom.
  9720 | Lair:3   | Found a staircase to the Swamp.
  9724 | Lair:3   | 9724 ||| STAIRDANCE
  9872 | Lair:3   | Noticed a catoblepas
  9873 | Lair:3   | 9873 ||| INVOKING Heroism.
  9874 | Lair:3   | 9874 ||| INVOKING Finesse.
  9891 | Lair:3   | Killed a catoblepas
  9892 | Lair:3   | Reached skill level 12 in Axes
 10272 | Lair:3   | Noticed a six-headed hydra
 10273 | Lair:3   | 10273 ||| INVOKING Heroism.
 10274 | Lair:3   | 10274 ||| INVOKING Finesse.
 10276 | Lair:3   | 10276 ||| SWAPPING to +1 flail of protection.
 10287 | Lair:3   | Killed a six-headed hydra
 10288 | Lair:3   | 10288 ||| SWAPPING to +7 broad axe "Paytu" {drain, *Noise
                  | Fly rC+ Str+2}.
 10384 | Lair:3   | 10384 ||| INVOKING Heroism.
 10390 | Lair:3   | Reached XP level 13. HP: 80/80 MP: 17/20
 10610 | Lair:3   | 10610 ||| READING scroll labelled DUIMI XESAO.
 10842 | Lair:4   | Found a hide-covered altar of Uskayaw.
 10846 | Lair:4   | Found an ornate altar of the Wu Jian Council.
 10847 | Lair:4   | 10847 ||| INVOKING Heroism.
 10850 | Lair:4   | 10850 ||| INVOKING Finesse.
 10933 | Lair:4   | Found a viscous altar of Jiyva.
 10933 | Lair:4   | Found a staircase to the Slime Pits.
 10975 | Lair:4   | Received a gift from Okawaru
 10977 | Lair:4   | 10977 ||| Stepping ~*~*~tactically~*~*~ (stealth).
 10980 | Lair:4   | 10980 ||| INVOKING Heroism.
 11216 | Lair:4   | 11216 ||| Stepping ~*~*~tactically~*~*~ (stealth).
 11218 | Lair:4   | 11218 ||| INVOKING Heroism.
 11360 | Lair:4   | 11360 ||| Stepping ~*~*~tactically~*~*~ (stealth).
 11381 | Lair:4   | 11381 ||| INVOKING Heroism.
 11392 | Lair:4   | Received a gift from Okawaru
 11694 | Lair:4   | 11694 ||| READING 5 scrolls of identify.
 11694 | Lair:4   | 11694 ||| IDENTIFYING metallic orange potion
 11714 | Lair:5   | Entered Level 5 of the Lair of Beasts
 11715 | Lair:5   | 11715 ||| INVOKING Heroism.
 11716 | Lair:5   | 11716 ||| STAIRDANCE
 11776 | Lair:5   | 11776 ||| INVOKING Heroism.
 11794 | Lair:5   | 11794 ||| Stepping ~*~*~tactically~*~*~ (stealth).
 11817 | Lair:5   | Reached skill level 11 in Shields
 11817 | Lair:5   | 11817 ||| INVOKING Heroism.
 11854 | Lair:5   | 11854 ||| Stepping ~*~*~tactically~*~*~ (stealth).
 11855 | Lair:5   | 11855 ||| INVOKING Heroism.
 11863 | Lair:5   | Received a gift from Okawaru
 11895 | Lair:5   | 11895 ||| INVOKING Heroism.
 11900 | Lair:5   | Reached skill level 9 in Armour
 12052 | Lair:5   | 12052 ||| Stepping ~*~*~tactically~*~*~ (stealth).
 12053 | Lair:5   | 12053 ||| Stepping ~*~*~tactically~*~*~ (stealth).
 12054 | Lair:5   | 12054 ||| INVOKING Heroism.
 12060 | Lair:5   | 12060 ||| INVOKING Finesse.
 12066 | Lair:5   | 12066 ||| SWAPPING to +1 flail of protection.
 12074 | Lair:5   | 12074 ||| SWAPPING to +7 broad axe "Paytu" {drain, *Noise
                  | Fly rC+ Str+2}.
 12109 | Lair:5   | 12109 ||| INVOKING Heroism.
 12183 | Lair:5   | 12183 ||| INVOKING Heroism.
 12237 | Lair:5   | 12237 ||| Stepping ~*~*~tactically~*~*~ (stealth).
 12242 | Lair:5   | 12242 ||| Stepping ~*~*~tactically~*~*~ (stealth).
 12246 | Lair:5   | 12246 ||| INVOKING Heroism.
 12265 | Lair:5   | Gained mutation: Your large and strong wings let you fly.
                  | [Gargoyle growth]
 12265 | Lair:5   | Reached XP level 14. HP: 88/88 MP: 21/21
 12441 | Lair:5   | 12441 ||| Stepping ~*~*~tactically~*~*~ (stealth).
 12442 | Lair:5   | 12442 ||| Stepping ~*~*~tactically~*~*~ (stealth).
 12602 | Lair:5   | Noticed a dire elephant
 12671 | Lair:5   | 12671 ||| INVOKING Heroism.
 12672 | Lair:5   | 12672 ||| INVOKING Finesse.
 12680 | Lair:5   | 12680 ||| Stepping ~*~*~tactically~*~*~ (hiding).
 12692 | Lair:5   | Reached skill level 12 in Shields
 12765 | Lair:5   | 12765 ||| INVOKING Heroism.
 12774 | Lair:5   | Killed a dire elephant
 12825 | Lair:5   | Reached skill level 3 in Dodging
 12868 | Lair:5   | Noticed a dire elephant
 12869 | Lair:5   | 12869 ||| INVOKING Heroism.
 12871 | Lair:5   | 12871 ||| Stepping ~*~*~tactically~*~*~ (stealth).
 12882 | Lair:5   | Killed a dire elephant
 12883 | Lair:5   | 12883 ||| Stepping ~*~*~tactically~*~*~ (hiding).
 12913 | Lair:5   | 12913 ||| Stepping ~*~*~tactically~*~*~ (stealth).
 12915 | Lair:5   | 12915 ||| INVOKING Heroism.
 12916 | Lair:5   | 12916 ||| INVOKING Finesse.
 12978 | Lair:5   | 12978 ||| Stepping ~*~*~tactically~*~*~ (stealth).
 13022 | Lair:5   | 13022 ||| Stepping ~*~*~tactically~*~*~ (hiding).
 13031 | Lair:5   | 13031 ||| INVOKING Heroism.
 13053 | Lair:5   | 13053 ||| Stepping ~*~*~tactically~*~*~ (stealth).
 13333 | Lair:5   | 13333 ||| PLANNING D:1-11
 13333 | Lair:5   | 13333 ||| READING scroll labelled CIOSIA KOLASHRU.
 13482 | D:10     | Entered Level 10 of the Dungeon
 13550 | D:10     | 13550 ||| Stepping ~*~*~tactically~*~*~ (stealth).
 13645 | D:10     | 13645 ||| INVOKING Heroism.
 13667 | D:10     | 13667 ||| Stepping ~*~*~tactically~*~*~ (stealth).
 13696 | D:10     | Found a staircase to the Orcish Mines.
 13721 | D:10     | 13721 ||| Stepping ~*~*~tactically~*~*~ (hiding).
 13724 | D:10     | 13724 ||| Stepping ~*~*~tactically~*~*~ (hiding).
 13725 | D:10     | 13725 ||| Stepping ~*~*~tactically~*~*~ (hiding).
 13727 | D:10     | 13727 ||| Stepping ~*~*~tactically~*~*~ (hiding).
 14372 | D:11     | Found Toesmifa's One-of-a-Kind Rings.
 14384 | D:11     | 14384 ||| SHOPLISTING +6 ring of protection (1248 gold,
                  | have 824).
 14384 | D:11     | 14384 ||| SHOPLISTING +8 ring of strength (880 gold, have
                  | 824).
 14384 | D:11     | 14384 ||| BUYING ring "Bamma" {rC+ rN+ Int+5} (712 gold).
 14384 | D:11     | Bought the ring "Bamma" {rC+ rN+ Int+5} for 712 gold pieces
 14384 | D:11     | 14384 ||| SHOPLISTING ring "Duyja" {rC- Will+ Str+9 Dex+3
                  | SInv} (870 gold, have 112).
 14628 | D:11     | Reached skill level 15 in Axes
 14680 | D:11     | 14680 ||| Stepping randomly (disturbance).
 14686 | D:11     | Received a gift from Okawaru
 14730 | D:11     | Noticed Sonja
 14731 | D:11     | 14731 ||| INVOKING Finesse.
 14743 | D:11     | Found Yxzuges's Book Boutique.
 14746 | D:11     | Killed Sonja
 14783 | D:11     | 14783 ||| DROPPING ring of ice.
 14788 | D:11     | 14788 ||| Stepping ~*~*~tactically~*~*~ (hiding).
 14791 | D:11     | 14791 ||| Stepping ~*~*~tactically~*~*~ (hiding).
 14793 | D:11     | 14793 ||| INVOKING Heroism.
 14954 | D:11     | 14954 ||| PLANNING D
 14954 | D:11     | 14954 ||| READING 5 scrolls of identify.
 14954 | D:11     | 14954 ||| IDENTIFYING black potion
 14955 | D:11     | 14955 ||| DROPPING potion of flight.
 14991 | D:12     | 14991 ||| INVOKING Heroism.
 15000 | D:12     | 15000 ||| READING 6 scrolls of teleportation.
 15058 | D:12     | Found a runed translucent gate.
 15058 | D:12     | Found a runed translucent gate.
 15058 | D:12     | Found a runed translucent gate.
 15059 | D:12     | Noticed Neel Ube's ghost (journeyman FoFi)
 15074 | D:12     | 15074 ||| Stepping ~*~*~tactically~*~*~ (stealth).
 15122 | D:12     | Noticed Erolcha
 15123 | D:12     | 15123 ||| INVOKING Heroism.
 15124 | D:12     | 15124 ||| INVOKING Finesse.
 15128 | D:12     | Killed Erolcha
 15128 | D:12     | Received a gift from Okawaru
 15180 | D:12     | 15180 ||| Stepping ~*~*~tactically~*~*~ (hiding).
 15184 | D:12     | 15184 ||| INVOKING Heroism.
 15185 | D:12     | 15185 ||| INVOKING Finesse.
 15274 | D:12     | 15274 ||| INVOKING Heroism.
 15362 | D:12     | Found a portal to a secret trove of treasure.
 15581 | D:12     | 15581 ||| UPGRADING to +2 tower shield of protection.
 15591 | D:12     | 15591 ||| DROPPING +0 kite shield "Kiopasar" {Will+ Int+4}.
 15881 | D:13     | 15881 ||| Stepping ~*~*~tactically~*~*~ (stealth).
 15902 | D:13     | 15902 ||| INVOKING Heroism.
 15912 | D:13     | Reached XP level 15. HP: 93/95 MP: 20/22
 15912 | D:13     | 15912 ||| Stepping ~*~*~tactically~*~*~ (hiding).
 15955 | D:13     | Noticed Lodul
 15956 | D:13     | 15956 ||| Stepping ~*~*~tactically~*~*~ (stealth).
 15957 | D:13     | 15957 ||| Stepping ~*~*~tactically~*~*~ (stealth).
 15959 | D:13     | 15959 ||| Stepping ~*~*~tactically~*~*~ (hiding).
 15960 | D:13     | 15960 ||| Stepping ~*~*~tactically~*~*~ (hiding).
 15962 | D:13     | 15962 ||| INVOKING Heroism.
 15969 | D:13     | Killed Lodul
 15970 | D:13     | Reached skill level 13 in Shields
 15977 | D:13     | 15977 ||| INVOKING Finesse.
 15983 | D:13     | 15983 ||| SWAPPING to +1 flail of protection.
 15991 | D:13     | 15991 ||| SWAPPING to +7 broad axe "Paytu" {drain, *Noise
                  | Fly rC+ Str+2}.
 16468 | D:13     | 16468 ||| DROPPING +1 cloak.
 16515 | D:14     | 16515 ||| INVOKING Heroism.
 16516 | D:14     | 16516 ||| STAIRDANCE
 16530 | D:14     | 16530 ||| STAIRDANCE
 16555 | D:14     | Reached skill level 14 in Shields
 16584 | D:14     | 16584 ||| INVOKING Heroism.
 16727 | D:14     | 16727 ||| Stepping ~*~*~tactically~*~*~ (hiding).
 16728 | D:14     | 16728 ||| Stepping ~*~*~tactically~*~*~ (hiding).
 17062 | D:14     | Identified the +1 leather armour of the Known World {rC+
                  | Str+2 Int+3 Stlth+}
 17140 | D:14     | Found an ornate altar of the Wu Jian Council.
 17195 | D:14     | 17195 ||| READING 5 scrolls of teleportation.
 17202 | D:14     | 17202 ||| INVOKING Heroism.
 17391 | D:14     | Found a gate to the Vaults.
 17547 | D:15     | Entered Level 15 of the Dungeon
 17557 | D:15     | Identified the +8 broad axe of Causality {pain, Int+3}
                  | (Okawaru gifted it to you on level 15 of the Dungeon)
 17557 | D:15     | Received a gift from Okawaru
 17564 | D:15     | 17564 ||| DROPPING +8 broad axe of Causality {pain, Int+3}.
 17644 | D:15     | 17644 ||| INVOKING Heroism.
 17645 | D:15     | 17645 ||| INVOKING Finesse.
 17646 | D:15     | 17646 ||| INVOKING Finesse.
 17647 | D:15     | 17647 ||| SWAPPING to +1 flail of protection.
 17657 | D:15     | 17657 ||| SWAPPING to +7 broad axe "Paytu" {drain, *Noise
                  | Fly rC+ Str+2}.
 17703 | D:15     | Reached skill level 15 in Shields
 17755 | D:15     | 17755 ||| INVOKING Heroism.
 17830 | D:15     | 17830 ||| INVOKING Heroism.
 17833 | D:15     | 17833 ||| Stepping ~*~*~tactically~*~*~ (stealth).
 17900 | D:15     | 17900 ||| Stepping ~*~*~tactically~*~*~ (hiding).
 18100 | D:15     | 18100 ||| Stepping ~*~*~tactically~*~*~ (stealth).
 18113 | D:15     | Reached skill level 16 in Shields
 18133 | D:15     | Identified the +0 plate armour "Heluxe" {rC- Slay+6 Stlth+}
                  | (Okawaru gifted it to you on level 15 of the Dungeon)
 18133 | D:15     | Received a gift from Okawaru
 18243 | D:15     | Found a staircase to the Depths.
 18425 | D:15     | 18425 ||| PLANNING ORC
 18425 | D:15     | 18425 ||| UPGRADING to +0 plate armour "Heluxe" {rC- Slay+6
                  | Stlth+}.
 18435 | D:15     | 18435 ||| READING scroll labelled BEALEE NONE.
 18530 | Orc:1    | Entered Level 1 of the Orcish Mines
 18532 | Orc:1    | 18532 ||| Stepping ~*~*~tactically~*~*~ (stealth).
 18545 | Orc:1    | 18545 ||| Stepping ~*~*~tactically~*~*~ (stealth).
 18557 | Orc:1    | 18557 ||| Stepping ~*~*~tactically~*~*~ (hiding).
 18559 | Orc:1    | 18559 ||| Stepping ~*~*~tactically~*~*~ (hiding).
 18561 | Orc:1    | 18561 ||| INVOKING Heroism.
 18628 | Orc:1    | 18628 ||| Stepping ~*~*~tactically~*~*~ (hiding).
 18725 | Orc:1    | 18725 ||| INVOKING Heroism.
 18773 | Orc:1    | Found a transporter.
 19090 | Orc:2    | Entered Level 2 of the Orcish Mines
 19090 | Orc:2    | Noticed Josephine
 19091 | Orc:2    | 19091 ||| INVOKING Heroism.
 19092 | Orc:2    | 19092 ||| STAIRDANCE
 19146 | Orc:2    | 19146 ||| INVOKING Heroism.
 19150 | Orc:2    | Killed Josephine
 19205 | Orc:2    | Found a staircase to the Elven Halls.
 19283 | Orc:2    | 19283 ||| INVOKING Heroism.
 19302 | Orc:2    | 19302 ||| Stepping ~*~*~tactically~*~*~ (stealth).
 19305 | Orc:2    | Found Relau's Jewellery Boutique.
 19309 | Orc:2    | Reached skill level 12 in Fighting
 19321 | Orc:2    | Reached XP level 16. HP: 97/101 MP: 23/23
 19328 | Orc:2    | Received a gift from Okawaru
 19333 | Orc:2    | 19333 ||| INVOKING Heroism.
 19355 | Orc:2    | Found Duryhept's Weapon Shoppe.
 19355 | Orc:2    | Found Citof's Antique Armour Boutique.
 19355 | Orc:2    | Found Zof Busi's General Store.
 19360 | Orc:2    | Paralysed by an ogre mage for 5 turns
 19421 | Orc:2    | 19421 ||| BUYING +4 ring of evasion (504 gold).
 19421 | Orc:2    | Bought a +4 ring of evasion for 504 gold pieces
 19421 | Orc:2    | 19421 ||| BUYING +4 ring of protection (504 gold).
 19421 | Orc:2    | Bought a +4 ring of protection for 504 gold pieces
 19421 | Orc:2    | 19421 ||| SHOPLISTING amulet "Kyib" {Reflect Int+4 SH+5}
                  | (635 gold, have 430).
 19421 | Orc:2    | 19421 ||| BUYING ring of protection from fire (350 gold).
 19421 | Orc:2    | Bought a ring of protection from fire for 350 gold pieces
 19422 | Orc:2    | 19422 ||| SHOPLISTING +0 eveningstar of flaming (377 gold,
                  | have 80).
 19422 | Orc:2    | 19422 ||| BUYING scroll of teleportation (39 gold).
 19422 | Orc:2    | Bought a scroll of teleportation for 39 gold pieces
 19422 | Orc:2    | 19422 ||| BUYING scroll of teleportation (39 gold).
 19422 | Orc:2    | Bought a scroll of teleportation for 39 gold pieces
 19422 | Orc:2    | 19422 ||| SHOPLISTING scroll of teleportation (39 gold,
                  | have 2).
 19423 | Orc:2    | 19423 ||| SHOPLISTING glowing helmet (210 gold, have 2).
 19423 | Orc:2    | 19423 ||| SHOPLISTING pair of embroidered gloves (210 gold,
                  | have 2).
 19423 | Orc:2    | 19423 ||| SHOPLISTING runed hat (196 gold, have 2).
 19621 | Orc:2    | 19621 ||| DROPPING ring of fire.
 19622 | Orc:2    | 19622 ||| UPGRADING to +4 ring of evasion.
 19624 | Orc:2    | 19624 ||| DROPPING ring "Bamma" {rC+ rN+ Int+5}.
 19625 | Orc:2    | 19625 ||| UPGRADING to +4 ring of protection.
 19627 | Orc:2    | 19627 ||| DROPPING +6 ring of strength.
 19703 | Orc:1    | Noticed Gastronok
 19704 | Orc:1    | 19704 ||| INVOKING Heroism.
 19722 | Orc:1    | Killed Gastronok
 19857 | Orc:1    | 19857 ||| PLANNING SWAMP:1-3
 20077 | Swamp:1  | Entered Level 1 of the Swamp
 20106 | Swamp:1  | 20106 ||| INVOKING Heroism.
 20120 | Swamp:1  | 20120 ||| INVOKING Finesse.
 20121 | Swamp:1  | 20121 ||| SWAPPING to +1 flail of protection.
 20126 | Swamp:1  | 20126 ||| SWAPPING to +7 broad axe "Paytu" {drain, *Noise
                  | Fly rC+ Str+2}.
 20156 | Swamp:1  | 20156 ||| Stepping ~*~*~tactically~*~*~ (stealth).
 20158 | Swamp:1  | 20158 ||| Stepping ~*~*~tactically~*~*~ (hiding).
 20288 | Swamp:1  | 20288 ||| INVOKING Heroism.
 20289 | Swamp:1  | 20289 ||| INVOKING Finesse.
 20291 | Swamp:1  | 20291 ||| SWAPPING to +1 flail of protection.
 20300 | Swamp:1  | 20300 ||| SWAPPING to +7 broad axe "Paytu" {drain, *Noise
                  | Fly rC+ Str+2}.
 20378 | Swamp:1  | 20378 ||| INVOKING Heroism.
 20408 | Swamp:1  | 20408 ||| Stepping ~*~*~tactically~*~*~ (stealth).
 20409 | Swamp:1  | 20409 ||| Stepping ~*~*~tactically~*~*~ (stealth).
 20411 | Swamp:1  | 20411 ||| INVOKING Heroism.
 20419 | Swamp:1  | Received a gift from Okawaru
 20428 | Swamp:1  | 20428 ||| Stepping ~*~*~tactically~*~*~ (hiding).
 20495 | Swamp:1  | 20495 ||| INVOKING Heroism.
 20624 | Swamp:1  | 20624 ||| Stepping ~*~*~tactically~*~*~ (hiding).
 20661 | Swamp:1  | 20661 ||| INVOKING Heroism.
 20683 | Swamp:1  | 20683 ||| Stepping ~*~*~tactically~*~*~ (hiding).
 20684 | Swamp:1  | 20684 ||| Stepping ~*~*~tactically~*~*~ (hiding).
 20688 | Swamp:1  | Identified the +8 morningstar "Fauz" {vorpal, rN+ Str+3
                  | Dex-5} (Okawaru gifted it to you on level 1 of the Swamp)
 20688 | Swamp:1  | Received a gift from Okawaru
 20692 | Swamp:1  | Reached skill level 12 in Armour
 20705 | Swamp:1  | 20705 ||| Stepping ~*~*~tactically~*~*~ (stealth).
 20706 | Swamp:1  | 20706 ||| Stepping ~*~*~tactically~*~*~ (stealth).
 20707 | Swamp:1  | 20707 ||| Stepping ~*~*~tactically~*~*~ (stealth).
 20709 | Swamp:1  | 20709 ||| DROPPING +1 flail of protection.
 20735 | Swamp:1  | 20735 ||| INVOKING Heroism.
 20869 | Swamp:1  | 20869 ||| Stepping ~*~*~tactically~*~*~ (stealth).
 20872 | Swamp:1  | 20872 ||| Stepping ~*~*~tactically~*~*~ (stealth).
 20873 | Swamp:1  | 20873 ||| Stepping ~*~*~tactically~*~*~ (stealth).
 20885 | Swamp:1  | 20885 ||| Stepping ~*~*~tactically~*~*~ (stealth).
 20887 | Swamp:1  | 20887 ||| Stepping ~*~*~tactically~*~*~ (stealth).
 20901 | Swamp:1  | 20901 ||| DROPPING +1 pair of gloves.
 20902 | Swamp:1  | 20902 ||| DROPPING ring of willpower.
 20941 | Swamp:2  | 20941 ||| Stepping ~*~*~tactically~*~*~ (hiding).
 20944 | Swamp:2  | 20944 ||| INVOKING Heroism.
 21053 | Swamp:2  | Noticed Frances
 21054 | Swamp:2  | 21054 ||| INVOKING Heroism.
 21055 | Swamp:2  | 21055 ||| INVOKING Finesse.
 21063 | Swamp:2  | Killed Frances
 21064 | Swamp:2  | Reached skill level 17 in Shields
 21064 | Swamp:2  | 21064 ||| Stepping ~*~*~tactically~*~*~ (hiding).
 21111 | Swamp:2  | 21111 ||| Stepping ~*~*~tactically~*~*~ (stealth).
 21114 | Swamp:2  | 21114 ||| Stepping ~*~*~tactically~*~*~ (stealth).
 21115 | Swamp:2  | 21115 ||| Stepping ~*~*~tactically~*~*~ (stealth).
 21134 | Swamp:2  | 21134 ||| Stepping ~*~*~tactically~*~*~ (stealth).
 21136 | Swamp:2  | 21136 ||| Stepping ~*~*~tactically~*~*~ (hiding).
 21141 | Swamp:2  | 21141 ||| INVOKING Heroism.
 21192 | Swamp:2  | 21192 ||| Stepping ~*~*~tactically~*~*~ (hiding).
 21194 | Swamp:2  | 21194 ||| Stepping ~*~*~tactically~*~*~ (hiding).
 21215 | Swamp:2  | 21215 ||| Stepping ~*~*~tactically~*~*~ (hiding).
 21217 | Swamp:2  | 21217 ||| INVOKING Heroism.
 21228 | Swamp:2  | 21228 ||| Stepping ~*~*~tactically~*~*~ (hiding).
 21234 | Swamp:2  | 21234 ||| Stepping ~*~*~tactically~*~*~ (stealth).
 21236 | Swamp:2  | Noticed Nikola
 21237 | Swamp:2  | 21237 ||| INVOKING Finesse.
 21247 | Swamp:2  | HP: 19/101 [Nikola/arc of chain lightning (31)]
 21247 | Swamp:2  | Noticed a thorn hunter
 21248 | Swamp:2  | 21248 ||| READING 8 scrolls of teleportation.
 21249 | Swamp:2  | 21249 ||| DRINKING 2 potions of heal wounds.
 21250 | Swamp:2  | 21250 ||| INVOKING Heroism.
 21250 | Swamp:2  | Killed from afar by Nikola

Levels and vault maps discovered:
D:1:      shiori_arrival_whats_in_store_for_you, layout_rooms
D:2:      layout_loops_ring, hellmonk_ecumenical_altar_watching_god,
          minmay_pentomino_r2
D:3:      layout_basic, uniq_natasha, uniq_sigmund, uniq_grinder
D:4:      layout_basic, hangedman_ru_absence, mainiacjoe_overflow_boulevard,
          minmay_temple_entry_junction, uniq_edmund, uniq_menkaure, uniq_robin
D:5:      layout_loops_ring, corexii_checkpoint_a, nicolae_stop_n_shop_2,
          st_stairs_12
D:6:      layout_basic, makhleb_blood_cavern_becter
D:7:      layout_basic, trog_hazing_becter, grunt_decor_fettered,
          uniq_prince_ribbit1
D:8:      layout_gridville
D:9:      layout_gridville, david_lair_generic, serial_shops,
          nicolae_square_shop, minmay_tree_intersection, uniq_harold,
          uniq_maurice
D:10:     layout_small_grid, zombieorc2_lemuel, serial_bayou_crossing
D:11:     layout_long_grid, serial_shops, nicolae_shop_waterfront,
          nicolae_shop_unique_rings, uniq_sonja
D:12:     layout_cave_pools, enter_trove_1, gammafunk_ghost_spectres,
          uniq_erolcha
D:13:     layout_loops_ring, minmay_crystal_room, drop_trap,
          hangedman_fish_farm, uniq_lodul
D:14:     layout_rooms, erik_vaults_1, pdpol_wu_jian_five_deadly_venoms,
          serial_co_window_serial, co_window_paths_a, co_window_paths_a,
          co_window_cross_1, co_window_of_opportunity_a, co_window_paths_a,
          co_window_unsneaky_path_c, co_window_of_opportunity_b,
          co_window_of_opportunity_c, co_window_of_opportunity_c,
          co_window_of_opportunity_b, co_window_4corner_a, glass_columns_c,
          glass_columns_a, lightli_corner_chamber
D:15:     grunt_enter_depths_magical_seal, layout_basic, grunt_decor_resistance
Temple:   nicolae_temple_no_exploring_needed
Lair:1:   layout_long_grid, uniq_fannar
Lair:2:   layout_long_grid, minmay_snake_entry_six_corridors, basic_altar,
          grunt_megastairs_5
Lair:3:   dreamdust_cave_troll, layout_hall_layers, minmay_swamp_entry_wisps,
          serial_bayou_lagoon_a, kennysheep_basilisk_garden, lemuel_fruit_fields
Lair:4:   layout_layer_cave, dpeg_slime_entry_enclosed,
          nzn_masters_of_martial_movement
Lair:5:   due_jungle_book, layout_regular_city, serial_rivers,
          chequers_serial_rivers_small_b, chequers_serial_rivers_large_a,
          chequers_serial_rivers_small_a, chequers_serial_rivers_large_b,
          lemuel_fruit_fields
Swamp:1:  layout_falls_marsh, evilmike_swamp_ruin_house_1, swamp_pool5
Swamp:2:  nicolae_swamp_wrong_neighborhood, layout_falls_marsh,
          nicolae_swamp_some_circles, swamp_pool1, uniq_nikola, uniq_frances
Orc:1:    emtedronai_trogs_sanctum, layout_diamond_mine, uniq_gastronok
Orc:2:    st_orc_ogre_mass, layout_caves, uniq_josephine

Skill      XL: |  1  2  3  4  5  6  7  8  9 10 11 12 13 14 15 16 |
---------------+-------------------------------------------------+-----
Axes           | 2 3 4 6 7 8 10 11 12 14 15 16 | 16.4
Fighting       | 4 5 6 8 9 10 11 12 | 12.0
Dodging        | 2 3 |  3.0
Shields        | 5 6 7 9 10 11 12 16 17 | 17.0
Invocations    | 4 8 10 | 10.0
Armour         | 4 5 6 8 9 10 11 12 | 12.0
Throwing       | 2 3 4 5 |  5.0

Action                   |  1- 3 |  4- 6 |  7- 9 | 10-12 | 13-15 | 16-18 || total
-------------------------+-------+-------+-------+-------+-------+-------++-------
Melee: War axe           |    99 |    83 |   271 |   272 |       |       ||   725
       Flail             |       |       |    16 |     9 |    20 |    11 ||    56
       Broad axe         |       |       |       |   158 |   801 |   199 ||  1158
Throw: Boomerang         |       |       |    15 |    40 |   157 |     1 ||   213
       Javelin           |       |       |    15 |    52 |    50 |    12 ||   129
Invok: Heroism           |       |       |    16 |    19 |    37 |    14 ||    86
       Finesse           |       |       |       |     2 |     9 |     4 ||    15
  Use: Scroll            |     5 |       |    10 |     6 |     7 |     1 ||    29
       Potion            |     2 |       |     2 |     1 |       |     1 ||     6
 Stab: Distracted        |       |     1 |       |       |       |       ||     1
       Petrified         |       |       |       |     3 |       |       ||     3
       Petrifying        |       |       |       |     1 |       |       ||     1
Armor: Scale mail        |    47 |    60 |    11 |       |       |       ||   118
       Chain mail        |       |       |   146 |   210 |   344 |       ||   700
       Plate armour      |       |       |       |       |    55 |    69 ||   124
Dodge: Dodged            |    38 |    43 |    77 |   100 |   183 |    38 ||   479
Block: Buckler           |    17 |     9 |       |       |       |       ||    26
       Kite shield       |       |       |   115 |   212 |   166 |       ||   493
       Tower shield      |       |       |       |       |   375 |   131 ||   506

Table legend:
 A = Non-vault XP
 B = Vault XP
 C = Vault XP percentage of total XP
 D = Non-vault monster count
 E = Vault monster count
 F = Vault count percentage of total count
                 A         B        C        D         E       F
            +---------+---------+-------+---------+---------+-------
      Total |  109907 |   58203 |  34.6 |     535 |     195 |  26.7
            +---------+---------+-------+---------+---------+-------
        D:1 |      40 |       0 |   0.0 |      23 |       0 |   0.0
        D:2 |      35 |       1 |   2.8 |      15 |       1 |   6.2
        D:3 |     175 |     551 |  75.9 |      25 |       3 |  10.7
        D:4 |      47 |     364 |  88.6 |       9 |      13 |  59.1
        D:5 |     246 |      11 |   4.3 |       4 |       4 |  50.0
        D:6 |    1601 |     106 |   6.2 |      31 |       2 |   6.1
        D:7 |    1572 |     267 |  14.5 |      18 |       7 |  28.0
        D:8 |    2811 |       0 |   0.0 |      27 |       0 |   0.0
        D:9 |    1299 |    2311 |  64.0 |      21 |       6 |  22.2
       D:10 |    2035 |    1036 |  33.7 |       7 |      36 |  83.7
       D:11 |    3502 |     778 |  18.2 |      12 |       1 |   7.7
       D:12 |    5149 |     854 |  14.2 |      18 |       1 |   5.3
       D:13 |    9481 |    2149 |  18.5 |      19 |      11 |  36.7
       D:14 |    6404 |    1654 |  20.5 |      15 |       2 |  11.8
       D:15 |   10237 |    4204 |  29.1 |      22 |       9 |  29.0
     Lair:1 |    2312 |     883 |  27.6 |      11 |       1 |   8.3
     Lair:2 |    8899 |    3436 |  27.9 |      34 |      16 |  32.0
     Lair:3 |    4034 |    1472 |  26.7 |      17 |       5 |  22.7
     Lair:4 |    5163 |     851 |  14.2 |      20 |       1 |   4.8
     Lair:5 |   19283 |   11210 |  36.8 |      68 |      23 |  25.3
    Swamp:1 |   11573 |     407 |   3.4 |      27 |       3 |  10.0
    Swamp:2 |    6757 |    5469 |  44.7 |      17 |       5 |  22.7
      Orc:1 |    5013 |    1533 |  23.4 |      43 |       1 |   2.3
      Orc:2 |    2239 |   18656 |  89.3 |      32 |      44 |  57.9
            +---------+---------+-------+---------+---------+-------
